 Dungeon Crawl Stone Soup version 0.30-a0-618-gd6c86c23d0 (webtiles) character file.

Game seed: 3171088349884847168

492 themarg the Insei (level 7, -2/78 HPs)
             Began as a Gnoll Transmuter on Jan 9, 2023.
             Was an Initiate of Sif Muna.
             Slain by a wyvern zombie (5 damage)
             ... in an ossuary.
             The game lasted 00:09:35 (2815 turns).

themarg the Insei (Gnoll Transmuter)                Turns: 2815, Time: 00:09:36

Health: -2/78      AC: 23    Str:  6 (9)  XL:     7   Next: 14%
Magic:  15/15      EV:  2    Int: 14 (15) God:    Sif Muna [......]
Gold:   171        SH:  0    Dex: 11 (12) Spells: 11/17 levels left

rFire   . . .      SeeInvis .      - Unarmed
rCold   . . .      Faith    .    (no shield)
rNeg    . . .      Spirit   .    (body armour currently unavailable)
rPois   +          Reflect  .    (helmet currently unavailable)
rElec   .          Harm     .    (cloak currently unavailable)
rCorr   .          Rampage  .    (gloves currently unavailable)
Will    .....      NoTele   +    (boots currently unavailable)
Stlth   ++                       (no amulet)
HPRegen 0.33/turn                (no ring)
MPRegen 0.14/turn                (no ring)

@: tree-form
A: stationary, stasis, torment immunity, boosted hp, (fangs 1), strong nose,
distributed training
a: Renounce Religion


You were in an ossuary.
You worshipped Sif Muna.
Sif Muna was noncommittal.
You were a tree.
You visited 1 branch of the dungeon, and saw 4 of its levels.
You also visited: Ossuary.

You collected 171 gold pieces.

Inventory:

Missiles
 d - 46 stones
 k - 3 poisoned darts
 s - a throwing net
Armour
 a - a +0 robe (melded)
 j - a +1 pair of gloves
 p - a +0 pair of gloves
 q - a +0 helmet
Scrolls
 c - 3 scrolls of enchant weapon
 e - 2 scrolls of summoning
 m - 6 scrolls of poison
 n - a scroll of noise {unknown}
 o - a scroll of acquirement {unknown}
 r - a scroll of vulnerability {unknown}
 u - 2 scrolls of fear {unknown}
 v - a scroll of blinking {unknown}
 w - 2 scrolls of identify
 y - a scroll of magic mapping {unknown}
Potions
 b - 4 potions of lignification
 f - 2 potions of brilliance
 l - a potion of cancellation {unknown}
 t - a potion of resistance {unknown}
 x - a potion of attraction {unknown}


   Skills:
 + Level 3.5 Fighting
 + Level 2.4 Short Blades
 + Level 2.4 Long Blades
 + Level 2.4 Axes
 + Level 2.4 Maces & Flails
 + Level 2.4 Polearms
 + Level 2.4 Staves
 + Level 2.4 Ranged Weapons
 + Level 2.4 Throwing
 + Level 2.4 Armour
 + Level 5.2 Dodging
 + Level 2.4 Stealth
 + Level 2.4 Shields
 + Level 7.0 Unarmed Combat
 + Level 5.6 Spellcasting
 + Level 2.0 Conjurations
 + Level 2.0 Hexes
 + Level 2.0 Summonings
 + Level 2.0 Necromancy
 + Level 2.0 Translocations
 + Level 4.3 Transmutations
 + Level 2.0 Fire Magic
 + Level 2.0 Ice Magic
 + Level 2.0 Air Magic
 + Level 2.0 Earth Magic
 + Level 2.0 Poison Magic
 + Level 2.6 Invocations
 + Level 2.4 Evocations


You had 11 spell levels left.
You knew the following spells:

 Your Spells              Type           Power      Damage    Failure   Level
a - Beastly Appendage     Tmut           30%        N/A       2%          1
b - Wereblood             Tmut           15%        N/A       4%          2
c - Spider Form           Tmut/Pois      12%        N/A       14%         3

Your spell library contained the following spells:

 Spells                   Type           Power      Damage    Failure   Level
 Cigotuvi's Dreadful Rot  Necr/Pois/Air  18%        N/A       11%         2
 Poisonous Vapours        Pois/Air       18%        N/A       11%         2
 Mephitic Cloud           Conj/Pois/Air  9%         N/A       22%         3
 Ice Form                 Ice/Tmut       12%        N/A       41%         4


Dungeon Overview and Level Annotations

Branches:
Dungeon (4/15)            Ossuary (1/1)
 Temple: D:4-7

Altars:
Ashenzari
Elyvilon
Sif Muna
Yredelemnul

Annotations:
D:4 1 exclusion


Innate Abilities, Weirdness & Mutations

You are a tree.
Your roots penetrate the ground, keeping you stationary.
You cannot be teleported.
You are immune to unholy pain and torment.
Your maximum health is greatly increased.
Your equipment is partially melded.
((You have very sharp teeth.))
Your uncanny sense of smell can sniff out nearby items.
Your experience applies equally to all skills.


Message History

The wyvern zombie barely misses you.
You hit the wyvern zombie.
The wyvern zombie is lightly damaged.
The wyvern zombie misses you.
You bite the wyvern zombie!
The wyvern zombie is heavily damaged.
Your transformation has ended.
Your +0 robe unmelds from your body.
The wyvern zombie bites you!
* * * LOW HITPOINT WARNING * * *
Really quaff the potion of lignification?
You turn into a tree.
Your +0 robe melds into your body.
Your roots penetrate the ground.
The wyvern zombie bites you but does no damage. x2
You hit the wyvern zombie.
The wyvern zombie is heavily damaged.
You hit the mummy. You punch the mummy.
The mummy is moderately damaged.
You hit the mummy.
The mummy is severely damaged.
You smack the mummy!
You destroy the mummy!
Sif Muna accepts your kill.
Your Conjurations skill increases to level 2!
Your Hexes skill increases to level 2!
Your Summonings skill increases to level 2!
Your Necromancy skill increases to level 2!
Your Translocations skill increases to level 2!
Your Fire Magic skill increases to level 2!
Your Ice Magic skill increases to level 2!
Your Air Magic skill increases to level 2!
Your Earth Magic skill increases to level 2!
Your Poison Magic skill increases to level 2!
You smack the wyvern zombie!
The wyvern zombie is severely damaged.
The wyvern zombie bites you!
* * * LOW HITPOINT WARNING * * *
You hit the wyvern zombie but do no damage.
The wyvern zombie is severely damaged.
The wyvern zombie bites you.
You die...

### #.#
+#'# ..+
#####.###
#...#.'.#
#.∩♣Z.###
#∩..#.'.#
#####.###
+.+ #.#
∆∆∆
∆∆∆#.'
∆∆∆
∆∆∆+.#
∆∆∆ ∆∆∆
.'


You could see a wyvern zombie.

Vanquished Creatures
  A wyvern zombie (Ossuary)
  A centaur zombie (Ossuary)
  Jessica (D:2)
  An iguana (D:4)
  Natasha (thrice) (D:2)
  A killer bee zombie (Ossuary)
  11 mummies (Ossuary)
  Robin (D:3)
  An adder (D:2)
  3 dart slugs
  An orc (D:4)
  9 endoplasms
  6 giant cockroaches
  12 goblins
  13 hobgoblins
  3 jackals
  4 quokkas (D:1)
  4 ball pythons
  2 bats (D:2)
  3 frilled lizards (D:1)
  8 kobolds
  3 rats
92 creatures vanquished.

Vanquished Creatures (others)
  A plant (D:2)
  4 withered plants (Ossuary)
5 creatures vanquished.

Grand Total: 97 creatures vanquished

Notes
Turn   | Place    | Note
-------+----------+-------------------------------------------
     0 | D:1      | themarg the Gnoll Transmuter began the quest for the Orb.
     0 | D:1      | Reached XP level 1. HP: 17/17 MP: 6/6
   179 | D:1      | Reached XP level 2. HP: 21/23 MP: 5/7
   182 | D:1      | Learned a level 2 spell: Wereblood
   392 | D:1      | Reached skill level 5 in Spellcasting
   392 | D:1      | Reached XP level 3. HP: 28/28 MP: 6/9
   396 | D:1      | Learned a level 3 spell: Spider Form
   598 | D:1      | Reached skill level 1 in Invocations
   903 | D:2      | Noticed Natasha
   907 | D:2      | Killed Natasha
   908 | D:2      | Reached skill level 1 in Short Blades
   908 | D:2      | Reached skill level 1 in Long Blades
   908 | D:2      | Reached skill level 1 in Axes
   908 | D:2      | Reached skill level 1 in Maces & Flails
   908 | D:2      | Reached skill level 1 in Polearms
   908 | D:2      | Reached skill level 1 in Staves
   908 | D:2      | Reached skill level 1 in Ranged Weapons
   908 | D:2      | Reached skill level 1 in Throwing
   908 | D:2      | Reached skill level 1 in Armour
   908 | D:2      | Reached skill level 1 in Stealth
   908 | D:2      | Reached skill level 1 in Shields
   908 | D:2      | Reached skill level 1 in Evocations
   908 | D:2      | Reached XP level 4. HP: 34/34 MP: 7/11
   959 | D:2      | Noticed Natasha
   967 | D:2      | Killed Natasha
   968 | D:2      | Reached skill level 1 in Conjurations
   968 | D:2      | Reached skill level 1 in Hexes
   968 | D:2      | Reached skill level 1 in Summonings
   968 | D:2      | Reached skill level 1 in Necromancy
   968 | D:2      | Reached skill level 1 in Translocations
   968 | D:2      | Reached skill level 1 in Fire Magic
   968 | D:2      | Reached skill level 1 in Ice Magic
   968 | D:2      | Reached skill level 1 in Air Magic
   968 | D:2      | Reached skill level 1 in Earth Magic
   968 | D:2      | Reached skill level 1 in Poison Magic
  1058 | D:2      | Noticed Jessica
  1068 | D:2      | Killed Jessica
  1069 | D:2      | Reached XP level 5. HP: 37/40 MP: 9/12
  1135 | D:2      | Noticed Natasha
  1141 | D:2      | Killed Natasha
  1408 | D:2      | Found a faded altar of an unknown god.
  1716 | D:2      | You fall into a shaft and drop 1 floor!
  1781 | D:3      | Noticed Robin
  1805 | D:3      | Killed Robin
  1872 | D:3      | Found a broken altar of Ashenzari.
  1872 | D:3      | Found a shimmering blue altar of Sif Muna.
  1919 | D:3      | Became a worshipper of Sif Muna the Loreminder
  2359 | D:4      | Found a basalt altar of Yredelemnul.
  2455 | D:4      | Reached XP level 6. HP: 37/47 MP: 11/14
  2459 | D:4      | Found a white marble altar of Elyvilon.
  2645 | D:4      | Found a sand-covered staircase.
  2656 | Ossuary  | Entered an ossuary
  2674 | Ossuary  | Reached skill level 5 in Dodging
  2682 | Ossuary  | HP: 2/70 [wyvern zombie (11)]
  2702 | Ossuary  | HP: 3/70 [centaur zombie (3)]
  2707 | Ossuary  | Reached XP level 7. HP: 15/52 MP: 15/15
  2710 | Ossuary  | Reached skill level 7 in Unarmed Combat
  2814 | Ossuary  | HP: 3/78 [wyvern zombie (9)]
  2815 | Ossuary  | Slain by a wyvern zombie

Illustrated notes

Levels and vault maps discovered:
D:1:      dpeg_arrival_chambers_temple_mockup, layout_loops_ring, st_stairs_1,
          minmay_domino_4
D:2:      layout_rooms, shapermc_ecumenical_altar_hornbeckon, dk_noncrumbling_2,
          uniq_jessica, uniq_natasha
D:3:      layout_rooms, chequers_temple_overflow_statue_of_worship, uniq_robin
D:4:      layout_basic, pdpol_wu_jian_five_deadly_venoms, elyvilon_altar_4,
          general_overflow_altar, chequers_ossuary_entry_cave
Ossuary:  ossuary_zaba_flooded

Skill      XL: |  1  2  3  4  5  6  7 |
---------------+----------------------+-----
Spellcasting   | 5 |  5.6
Invocations    | 1 2 |  2.6
Short Blades   | 1 2 |  2.4
Long Blades    | 1 2 |  2.4
Axes           | 1 2 |  2.4
Maces & Flails | 1 2 |  2.4
Polearms       | 1 2 |  2.4
Staves         | 1 2 |  2.4
Ranged Weapons | 1 2 |  2.4
Throwing       | 1 2 |  2.4
Armour         | 1 2 |  2.4
Stealth        | 1 2 |  2.4
Shields        | 1 2 |  2.4
Evocations     | 1 2 |  2.4
Conjurations   | 1 2 |  2.0
Hexes          | 1 2 |  2.0
Summonings     | 1 2 |  2.0
Necromancy     | 1 2 |  2.0
Translocations | 1 2 |  2.0
Fire Magic     | 1 2 |  2.0
Ice Magic      | 1 2 |  2.0
Air Magic      | 1 2 |  2.0
Earth Magic    | 1 2 |  2.0
Poison Magic   | 1 2 |  2.0
Fighting       | 3 |  3.5
Transmutations | 4 |  4.3
Dodging        | 5 |  5.2
Unarmed Combat | 7 |  7.0

Action                   |  1- 3 |  4- 6 |  7- 9 || total
-------------------------+-------+-------+-------++-------
Melee: Unarmed           |    64 |   128 |    24 ||   216
       Kick              |    14 |     2 |       ||    16
       Bite              |     6 |     1 |       ||     7
       Headbutt          |     7 |       |       ||     7
       Punch             |     4 |     2 |     1 ||     7
 Cast: Beastly Appendage |    19 |     2 |       ||    21
       Spider Form       |     1 |    23 |     1 ||    25
       Wereblood         |     1 |     2 |       ||     3
  Use: Scroll            |       |     4 |       ||     4
       Potion            |       |     5 |     1 ||     6
 Stab: Sleeping          |     3 |     1 |       ||     4
       Distracted        |       |     1 |       ||     1
Armor: Robe              |     2 |       |       ||     2
       Skin              |       |    47 |     2 ||    49
Dodge: Dodged            |    28 |    75 |    14 ||   117

Table legend: (Time is in decaauts)
 A = Elapsed time spent in this place.
 B = Non-inter-level travel time spent in this place.
 C = Inter-level travel time spent in this place.
 D = Time resting spent in this place.
 E = Time spent auto-exploring this place.
 F = Levels seen in this place.
 G = Mean time per level.
                   A        B        C        D        E       F      G
               +--------+--------+--------+--------+--------+-----+--------+
         Total |   2801 |   2647 |    154 |     80 |   1802 |   5 |  560.2 |
       Dungeon |   2650 |   2496 |    154 |      0 |   1802 |   4 |  662.5 |
       Ossuary |    150 |    150 |      0 |     80 |      0 |   1 |  150.0 |
               +--------+--------+--------+--------+--------+-----+--------+

Top non-repeatable levels by time:
     D:2: 907 daAuts
     D:1: 896 daAuts
     D:3: 546 daAuts
     D:4: 300 daAuts
 Ossuary: 150 daAuts
